 Dungeon Crawl Stone Soup version 0.31-a0-977-gc230f8ef24 (webtiles) character file.

Game seed: 7356502059642732710

56 night the Charlatan (level 3, -2/30 HPs)
             Began as a Draconian Artificer on Oct 29, 2023.
             Slain by an adder (4 damage)
             ... on level 3 of the Dungeon.
             The game lasted 00:04:04 (1785 turns).

night the Charlatan (Draconian Artificer)           Turns: 1785, Time: 00:04:05

Health: -2/30      AC:  5    Str: 14    XL:     3   Next: 69%
Magic:  3/3        EV: 12    Int: 11    God:
Gold:   155        SH:  0    Dex: 13    Spells: 2/2 levels left

rFire   . . .        j - +0 sling
rCold   . . .        (no shield)
rNeg    . . .        (body armour unavailable)
rPois   .            (helmet restricted)
rElec   .            (no cloak)
rCorr   +            (no gloves)
SInv    .            (no boots)
Will    .....        (no amulet)
Stlth   ++           g - ring of resist corrosion
HPRegen 0.25/turn    (no ring)
MPRegen 0.08/turn

%: no passive effects
@: lethally poisoned (-2 -> -3)
A: AC +5, unfitting armour, cold-blooded
a: no special abilities


You were on level 3 of the Dungeon.
You visited 1 branch of the dungeon, and saw 3 of its levels.

You collected 155 gold pieces.

Inventory:

Hand Weapons
 a - a +0 club
 j - a +0 sling (weapon)
Missiles
 n - 7 stones
Jewellery
 g - a ring of resist corrosion (left hand)
Talismans
 h - a dragon-blood talisman
Wands
 b - a wand of flame (12)
 c - a wand of charming (15)
 d - a wand of iceblast (5)
 m - a wand of polymorph (5)
Scrolls
 e - 2 scrolls of identify {unknown}
 k - a scroll of blinking {unknown}
 o - a scroll of teleportation {unknown}
 p - a scroll of enchant weapon {unknown}
 t - a scroll of noise {unknown}
 u - a scroll of revelation {unknown}
 v - a scroll of brand weapon {unknown}
Potions
 f - 2 potions of heal wounds {unknown}
 i - a potion of resistance {unknown}
 l - 2 potions of invisibility {unknown}
 q - a potion of magic {unknown}
 r - a potion of berserk rage {unknown}
 s - a potion of might {unknown}


   Skills:
 + Level 2.7 Fighting
 * Level 0.9 Ranged Weapons
 - Level 2.1 Dodging
 - Level 0.8 Stealth
 + Level 3.8 Evocations


You had 2 spell levels left.
You didn't know any spells.
Your spell library contained the following spells:

 Spells                   Type           Power      Damage    Failure   Level
 Ozocubu's Armour         Ice            0%         N/A       71%         3
 Animate Dead             Necr           0%         N/A       98%         4
 Haunt                    Necr/Summ      0%         N/A       100%        7
 Ozocubu's Refrigeration  Ice            0%         4d7       100%        7
 Infestation              Necr           0%         N/A       100%        8


Dungeon Overview and Level Annotations

Branches:
Dungeon (3/15)

Altars:
Wu Jian

Shops:
D:2 !


Innate Abilities, Weirdness & Mutations

Your plain brown scales are hard. (AC +5)
You cannot fit into any form of body armour.
You are cold-blooded and may be slowed by cold attacks.


Message History

The adder bites you. The orc barely misses you. The orc completely misses you.
The adder closely misses you.
You shoot a sling bullet. The sling bullet hits the adder.
The adder is heavily wounded.
You feel sick. The adder bites you. The orc barely misses you.
The adder bites you but does no damage.
You shoot a sling bullet.
The sling bullet closely misses the adder.
You feel sick. The orc completely misses you. The adder barely misses you.
The orc closely misses you.
You shoot a sling bullet.
The sling bullet closely misses the adder.
You feel sick. The adder closely misses you.
The adder bites you but does no damage.
The orc hits you from afar with a +0 trident.
You are too injured to fight recklessly!
You are too injured to fight recklessly!
You are too injured to fight recklessly!
You shoot a sling bullet.
The sling bullet barely misses the adder.
You feel sick.
You are no longer poisoned.
The adder bites you.
You are poisoned.
The adder poisons you! The orc closely misses you. The adder barely misses you.
You shoot a sling bullet.
The sling bullet hits the adder but does no damage.
The adder is moderately wounded.
You feel sick. The adder closely misses you. The orc barely misses you.
The adder closely misses you. The orc completely misses you.
You shoot a sling bullet. The sling bullet hits the adder.
The adder is severely wounded.
You feel sick. The adder barely misses you.
The orc hits you from afar with a +0 trident.
* * * LOW HITPOINT WARNING * * *
You shoot a sling bullet.
The sling bullet barely misses the adder.
* * * LOW HITPOINT WARNING * * *
You feel sick. The adder bites you.
You die...

≈. ....# #. .....# ...
...... #.# .....# #
#.##.....# ..#
#...###.#......#
...##..............#
#.....# #.@S.....#
#.....#####..#o....#
.##...........########
..#................#
.....................
#....................... ..
#.......................
...#.......................
...#...†.#.................


You could see an adder and an orc.

Vanquished Creatures
  An adder (D:3)
  A worm (D:3)
  An orc (D:3)
  3 ball pythons
  5 bats
  4 endoplasms
  2 giant cockroaches
  4 goblins
  2 hobgoblins
  5 jackals (D:3)
  A quokka (D:3)
  3 frilled lizards
  3 kobolds
  4 rats
39 creatures vanquished.

Notes
Turn   | Place    | Note
-------+----------+-------------------------------------------
     0 | D:1      | night the Draconian Artificer began the quest for the Orb.
     0 | D:1      | Reached XP level 1. HP: 16/16 MP: 1/1
   290 | D:1      | Reached XP level 2. HP: 20/24 MP: 2/2
   350 | D:1      | Reached skill level 2 in Fighting
   921 | D:2      | Found Ruemouxt's Distillery.
  1275 | D:2      | Identified the +6 buckler of Iteroe {Harm}
  1441 | D:3      | Reached XP level 3. HP: 30/30 MP: 3/3
  1685 | D:3      | Found an ornate altar of the Wu Jian Council.
  1784 | D:3      | HP: 3/30 [orc/+0 trident (4)]
  1785 | D:3      | Slain by an adder

Illustrated notes

Levels and vault maps discovered:
D:1:      wander_arrival_chamber, layout_basic
D:2:      layout_basic, serial_shops, shop
D:3:      layout_rooms, mainiacjoe_overflow_brackets,
          chequers_serial_rivers_small_b, uniq_jessica

Skill      XL: |  1  2 |
---------------+-------+-----
Fighting       | 2 |  2.7
Ranged Weapons | |  0.9
Dodging        | |  2.1
Stealth        | |  0.8
Evocations     | |  3.8

Action                     || total
---------------------------++-------
  Melee: Club              ||    43
         Tailslap          ||     6
   Fire: Sling             ||   112
  Evoke: Wand              ||     3
 Armour: Skin              ||    97
  Dodge: Dodged            ||   122

Table legend: (Time is in decaauts)
 A = Elapsed time spent in this place.
 B = Non-inter-level travel time spent in this place.
 C = Inter-level travel time spent in this place.
 D = Time resting spent in this place.
 E = Time spent auto-exploring this place.
 F = Levels seen in this place.
 G = Mean time per level.
                   A        B        C        D        E       F      G
               +--------+--------+--------+--------+--------+-----+--------+
         Total |   1841 |   1777 |     64 |     67 |   1327 |   3 |  613.7 |
       Dungeon |   1841 |   1777 |     64 |     67 |   1327 |   3 |  613.7 |
               +--------+--------+--------+--------+--------+-----+--------+

Top non-repeatable levels by time:
     D:2: 737 daAuts
     D:1: 709 daAuts
     D:3: 395 daAuts
